 Dungeon Crawl Stone Soup version 0.21-a0-346-g330ab2c (webtiles) character file.

1012 Hasart the Slicer (level 8, -4/44 HPs)
             Began as a Kobold Assassin on Oct 5, 2017.
             Slain by a bullfrog (8 damage)
             ... in a sewer.
             The game lasted 00:16:32 (6154 turns).

Hasart the Slicer (Kobold Assassin)                 Turns: 6154, Time: 00:16:33

Health: -4/44      AC:  3    Str:  9    XL:     8   Next: 45%
Magic:  8/8        EV: 17    Int: 19    God:
Gold:   246        SH:  4    Dex: 16    Spells: 7/7 levels left

rFire    . . .     SeeInvis .   q - +2 dagger (venom)
rCold    . . .     Gourm    .   z - +0 buckler
rNeg     . . .     Faith    .   c - +0 robe
rPois    .         Spirit   .   (no helmet)
rElec    .         Reflect  .   d - +0 cloak
rCorr    .         Harm     .   (no gloves)
MR       .....                  (no boots)
Stlth    ++++......             (no amulet)
HPRegen  0.14/turn              (no ring)
MPRegen  0.11/turn              (no ring)

@: brilliant, lethally poisoned (-4 -> -5)
A: carnivore 3
a: no special abilities


You were in a sewer.
You were completely stuffed.

You visited 1 branch of the dungeon, and saw 5 of its levels.
You also visited: Sewer.

You collected 246 gold pieces.

Inventory:

Hand Weapons
 b - a +0 blowgun
 q - a +2 dagger of venom (weapon)
Missiles
 e - 74 poisoned needles
 f - 6 curare-tipped needles
Armour
 c - a +0 robe (worn)
 d - a +0 cloak (worn)
 z - a +0 buckler (worn)
Jewellery
 w - an uncursed ring of stealth {unknown}
Wands
 j - a wand of acid (3/15)
Scrolls
 a - a scroll of amnesia {unknown}
 h - 2 scrolls of recharging {unknown}
 o - 3 scrolls of noise {unknown}
 p - a scroll of enchant weapon {unknown}
 r - a scroll of remove curse
 s - a scroll of immolation {unknown}
 t - 5 scrolls of teleportation {unknown}
 u - a scroll of blinking {unknown}
 v - a scroll of identify {unknown}
 x - 2 scrolls of fear {unknown}
 y - a scroll of random uselessness {unknown}
Potions
 i - 3 potions of magic
 k - 3 potions of curing
 n - a potion of flight
 B - a potion of brilliance
Comestibles
 g - 3 meat rations
 m - 2 royal jellies


   Skills:
 - Level 2.1 Fighting
 * Level 8.4 Short Blades
 + Level 4.4 Throwing
 + Level 5.1 Dodging
 + Level 8.0 Stealth


You had 7 spell levels left.
You didn't know any spells.

Dungeon Overview and Level Annotations

Branches:
Dungeon (5/15)
 Temple: D:4-7

Altars:

Annotations:
D:3 sergedm's ghost, weakling DECj


Innate Abilities, Weirdness & Mutations

You are small and have problems with some larger weapons.
You are carnivorous and can eat meat at any time.


Message History

The bullfrog hits you!
* * * LOW HITPOINT WARNING * * *
The adder barely misses you. You block the adder's attack.
Unknown command.
Unknown command.
The ball python hisses angrily.
You hit the ball python.
The ball python is heavily wounded.
The adder bites you.
* * * LOW HITPOINT WARNING * * *
You hit the ball python.
The ball python is poisoned.
The ball python is severely wounded.
You feel sick. The adder misses you. You block the ball python's attack. x2
The adder closely misses you. The bullfrog hits you.
* * * LOW HITPOINT WARNING * * *
The adder closely misses you. The bullfrog barely misses you.
You hit the ball python.
You kill the ball python!
The adder misses you. The bullfrog hits you!
You die...

##..≈≈.#
##...≈
#≈≈≈≈≈≈#
#≈≈≈≈≈
#≈≈≈≈≈≈#
#≈≈≈≈≈
#≈≈≈≈≈≈#
#≈≈≈≈≈
#≈≈≈≈≈≈#
#≈≈≈≈≈
#≈#≈≈≈≈#
#≈≈≈≈≈
#≈≈S≈≈≈#
#≈≈≈≈≈
#FSl≈≈≈#
#≈≈≈≈≈
#F@S≈≈≈#
#≈....
#≈S#≈≈≈#
#≈≈%)≈
#≈#≈≈≈≈#
##÷..≈
#≈≈≈≈≈≈#
#≈÷≈≈≈
#≈≈≈≈≈≈#
#≈≈≈≈≈
#≈≈≈≈≈≈#
#≈≈≈≈≈
#≈≈≈≈≈≈#
#≈≈≈≈≈
#≈≈≈≈≈≈#####
#≈≈≈÷≈
##.≈≈.###..#
##.≈≈≈


You could see 2 bullfrogs, 3 adders, a ball python and a frilled lizard.

Vanquished Creatures
  Pikel (D:4)
  4 slaves (D:4)
  A phantom (D:4)
  A bullfrog (D:5)
  A scorpion (D:4)
  A hound (D:4)
  An orc wizard (D:3)
  A worker ant (D:4)
  8 river rats
  10 adders
  4 oozes
  3 worms
  2 dart slugs
  6 leopard geckos
  10 orcs
  6 giant cockroaches
  6 goblins
  2 hobgoblins (D:2)
  6 jackals (D:1)
  3 kobolds
  A quokka (D:2)
  10 ball pythons
  6 bats
  3 frilled lizards
  29 rats
126 creatures vanquished.

Notes
Turn   | Place    | Note
-------+----------+-------------------------------------------
     0 | D:1      | Hasart the Kobold Assassin began the quest for the Orb.
     0 | D:1      | Reached XP level 1. HP: 12/12 MP: 1/1
   176 | D:1      | Reached XP level 2. HP: 17/17 MP: 2/2
   678 | D:1      | Reached XP level 3. HP: 9/21 MP: 3/3
  1592 | D:2      | Reached XP level 4. HP: 24/26 MP: 4/4
  2576 | D:3      | Reached XP level 5. HP: 19/30 MP: 5/5
  2588 | D:3      | Reached skill level 5 in Short Blades
  2935 | D:3      | Noticed sergedm's ghost (weakling DECj)
  3897 | D:4      | Reached XP level 6. HP: 30/35 MP: 6/6
  3994 | D:4      | Noticed Pikel
  3994 | D:4      | Noticed a slave
  3994 | D:4      | Noticed a phantom
  3995 | D:4      | Noticed a slave
  4028 | D:4      | Killed a slave
  4159 | D:4      | Noticed a slave
  4160 | D:4      | Noticed a slave
  4206 | D:4      | Killed a slave
  4406 | D:4      | Killed a phantom
  4552 | D:4      | Reached XP level 7. HP: 40/40 MP: 7/7
  5125 | D:4      | HP: 2/40 [acid (12)]
  5149 | D:4      | Killed Pikel
  5149 | D:4      | Reached XP level 8. HP: 33/44 MP: 8/8
  5243 | D:5      | Entered Level 5 of the Dungeon
  5267 | D:5      | Found a glowing drain.
  5314 | Sewer    | Entered a sewer
  5440 | Sewer    | Reached skill level 5 in Dodging
  6154 | Sewer    | Slain by a bullfrog

Vault maps used:
D:1:      nagdon_arrival_double_spiral
D:2:      minmay_wonky_spiral
D:4:      uniq_pikel
D:5:      tso_metal_star, portal_sewer_entry_a, serial_co_window_serial,
          co_window_corner_a, co_window_of_opportunity_a,
          co_window_of_opportunity_a, co_window_paths_a, co_window_paths_b,
          co_window_unsneaky_path_a, co_window_broadway_a,
          co_window_of_opportunity_c, co_window_unsneaky_path_a,
          co_window_unsneaky_path_a, glass_columns_a, glass_columns_b,
          glass_columns_a, first_bread
Sewer:    sewer_minmay_w

Skill      XL: |  1  2  3  4  5  6  7  8 |
---------------+-------------------------+-----
Short Blades   | 3 4 5 6 7 8 |  8.4
Dodging        | 2 3 4 5 |  5.1
Stealth        | 6 7 8 |  8.0
Throwing       | 3 4 |  4.4
Fighting       | |  2.1

Action                   |  1- 3 |  4- 6 |  7- 9 || total
-------------------------+-------+-------+-------++-------
Melee: Dagger            |   120 |   167 |   189 ||   476
 Fire: Blowgun           |       |    25 |       ||    25
  Use: Potion            |       |     1 |     8 ||     9
       Scroll            |       |       |     1 ||     1
 Stab: Sleeping          |    12 |    16 |     3 ||    31
  Eat: Chunk             |    11 |     9 |     5 ||    25
Armor: Robe              |    15 |    11 |    18 ||    44
Dodge: Dodged            |    77 |    74 |   148 ||   299
Block: Buckler           |       |       |    43 ||    43

Table legend:
 A = Spawn XP
 B = Non-spawn XP
 C = Spawn XP percentage of total XP
 D = Spawn monster count
 E = Non-spawn monster count
 F = Spawn count percentage of total count
 G = Total turns spent on level
                    A         B        C        D         E        F      G
               +---------+---------+-------+---------+---------+-------+---------
         Total |       0 |    1446 |   0.0 |       0 |     122 |   0.0 |  6154
               +---------+---------+-------+---------+---------+-------+---------
           D:1 |       0 |      45 |   0.0 |       0 |      22 |   0.0 |  1269
           D:2 |       0 |      75 |   0.0 |       0 |      22 |   0.0 |  1205
           D:3 |       0 |     105 |   0.0 |       0 |      16 |   0.0 |  1061
           D:4 |       0 |     918 |   0.0 |       0 |      17 |   0.0 |  1708
           D:5 |       0 |     114 |   0.0 |       0 |       6 |   0.0 |    71
         Sewer |       0 |     189 |   0.0 |       0 |      39 |   0.0 |   840
               +---------+---------+-------+---------+---------+-------+---------
